 Dungeon Crawl Stone Soup version 0.19-a0-1704-gbd66c22 (webtiles) character file.

50155 Amnesiac the Unseen (level 14, -6/92 HPs)
             Began as a Formicid Earth Elementalist on Sept 27, 2016.
             Was the Champion of Dithmenos.
             Mangled by a dire elephant (36 damage)
             ... on level 6 of the Lair of Beasts.
             The game lasted 00:49:23 (19480 turns).

Amnesiac the Unseen (Formicid Earth Elementalist)  Turns: 19480, Time: 00:49:23

Health: -6/92      AC: 10    Str: 13    XL:     14   Next: 95%
Magic:  22/22      EV: 26    Int: 14    God:    Dithmenos [******]
Gold:   813        SH:  0    Dex: 23    Spells: 3 memorised, 16 levels left

rFire  . . .     SeeInvis +     i - +11 quick blade
rCold  . . .     Gourm    .     r - +2 robe "Dathohug" {+Blink rPois Int-5 Dex+8}
rNeg   . . .     Faith    +     (no shield)
rPois  +         Spirit   .     (helmet unavailable)
rElec  .         Dismiss  .     n - +1 cloak {rPois}
rCorr  .         Reflect  .     g - +0 pair of gloves
MR     +....     Harm     .     G - +0 pair of boots
Stlth  ++++++++++               b - amulet of faith
                                K - +5 ring of slaying
                                v - +3 ring of intelligence

@: wreathed by umbra, studying Dodging, invisible
A: permanent stasis, dig shafts and tunnels, four strong arms, antennae 3,
repulsion field 1, frail 1, low mp 1, mutation resistance 1, shaggy fur 1
a: Dig, Shaft Self, Shadow Step, Shadow Form, Renounce Religion


You were on level 6 of the Lair of Beasts.
You worshipped Dithmenos.
Dithmenos was exalted by your worship.
You were not hungry.

You visited 2 branches of the dungeon, and saw 16 of its levels.

You collected 1182 gold pieces.
You spent 369 gold pieces at shops.

Inventory:

Hand Weapons
 i - a +11 quick blade (weapon)
Missiles
 h - 3 throwing nets (quivered)
Armour
 g - a +0 pair of gloves (worn)
 n - a +1 cloak of poison resistance (worn)
 r - the +2 robe "Dathohug" (worn) {+Blink rPois Int-5 Dex+8}
   (You found it on level 5 of the Dungeon)

   It affects your intelligence (-5).
   It affects your dexterity (+8).
   It protects you from poison.
   It lets you blink.
 s - a +2 robe of magic resistance
 G - a +0 pair of boots (worn)
Jewellery
 b - an amulet of faith (around neck)
 v - a +3 ring of intelligence (left hand)
 C - the ring "Odoipneha" {rN++ MR++ Slay-4 Stlth+}
   (You found it on level 9 of the Dungeon)

   [ring of stealth]

   It affects your accuracy and damage with ranged weapons and melee attacks
   (-4).
   It greatly protects you from negative energy.
   It affects your resistance to hostile enchantments.
   It makes you more stealthy.
 D - an uncursed ring of fire
 F - an uncursed ring of protection from magic
 K - a +5 ring of slaying (right hand)
 Q - an uncursed ring of ice
 Y - an uncursed ring of positive energy
Wands
 l - a wand of enslavement (11/24)
 q - a wand of disintegration (8/24)
 u - a wand of confusion (47/48)
 x - a wand of digging (6/24)
 M - a wand of hasting (4/9)
 O - a wand of acid (4/15)
Scrolls
 c - 3 scrolls of fear
 m - 5 scrolls of remove curse
 o - 6 scrolls of recharging
 y - a scroll of fog
 E - 6 scrolls of amnesia
 H - 2 scrolls of enchant weapon
 N - a scroll of identify
 P - a scroll of magic mapping
 T - a scroll of enchant armour
 Z - a scroll of vulnerability
Potions
 a - 2 potions of lignification
 f - 2 potions of might
 p - 6 potions of curing
 w - 2 potions of resistance {unknown}
 A - 4 potions of flight
 B - 3 potions of magic {unknown}
 L - 2 potions of cancellation
 R - 2 potions of brilliance
 S - a potion of cure mutation
 W - a potion of agility
Books
 e - a book of Geomancy

   Spells                             Type                      Level
   a - Sandblast                      Earth                        1
   b - Passwall                       Transmutation/Earth          2
   c - Stone Arrow                    Conjuration/Earth            3
   d - Petrify                        Transmutation/Earth          4
   e - Lee's Rapid Deconstruction     Earth                        5
 t - a manual of Dodging
 I - a book of Ice

   Spells                             Type                      Level
   a - Ice Form                       Ice/Transmutation            4
   b - Metabolic Englaciation         Hexes/Ice                    5
   c - Ozocubu's Refrigeration        Ice                          6
   d - Bolt of Cold                   Conjuration/Ice              6
   e - Freezing Cloud                 Conjuration/Ice/Air          6
   f - Simulacrum                     Ice/Necromancy               6
 U - a book of the Sky

   Spells                             Type                      Level
   a - Summon Lightning Spire         Summoning/Air                4
   b - Airstrike                      Air                          4
   c - Silence                        Hexes/Air                    5
   d - Deflect Missiles               Charms/Air                   6
   e - Conjure Ball Lightning         Conjuration/Air              6
   f - Tornado                        Air                          9
Comestibles
 d - 11 bread rations
 j - 4 royal jellies
 k - 7 meat rations
 J - 6 beef jerkies
 X - 7 chunks of flesh


   Skills:
 - Level 7.0 Fighting
 - Level 8.0 Short Blades
 - Level 12.8 Dodging
 - Level 15.7 Stealth
 - Level 7.3 Spellcasting
 - Level 6.0 Transmutations
 - Level 12.7 Earth Magic
 + Level 0.0 Invocations


You had 16 spell levels left.
You knew the following spells:

 Your Spells              Type           Power        Failure   Level  Hunger
a - Lee's Rapid Deconstr  Erth           #####.....   1%          5    #####..
e - Petrify               Tmut/Erth      ####....     3%          4    ####...
v - Passwall              Tmut/Erth      ####......   1%          2    None


Dungeon Overview and Level Annotations

Branches:
Dungeon (10/15)            Temple (0/1) D:6            Lair (6/6) D:8
 Shoals (0/4) Lair:3        Snake (0/4) Lair:2        Slime (0/5) Lair:5
    Orc (0/2) D:10

Altars:
Dithmenos
Gozag
Makhleb
Qazlal
Uskayaw
Xom
The Shining One

Shops:
D:4 ::[**   D:5 **?}?   D:7 }

Annotations:
D:10 1 runed door


Innate Abilities, Weirdness & Mutations

You are under a permanent stasis effect.
You can dig through walls and to a lower floor.
Your four strong arms can wield two-handed weapons with a shield.
You have a pair of large antennae on your head. (SInv)
You are surrounded by a mild repulsion field. (EV +2)
You are frail. (-10% HP)
Your magical capacity is low. (-10% MP)
You are somewhat resistant to further mutation.
You are covered in fur. (AC +1)


Message History

The dire elephant barely misses you.
The dire elephant completely misses you.
The dire elephant trunk-slaps you but does no damage.
You fail to use your ability.
The dire elephant misses you. The dire elephant barely misses you.
The dire elephant tramples you!!
* * * LOW HITPOINT WARNING * * *
You emit a cloud of dark smoke.
You hold your ground!
The dire elephant trunk-slaps you.
* * * LOW HITPOINT WARNING * * *
Unknown command.
Unknown command.
You feel much better. The dire elephant tramples you!
You emit a cloud of dark smoke.
You hold your ground!
The dire elephant misses you.
The dire elephant completely misses you.
The dire elephant closely misses you.
You fade into invisibility!
The dire elephant completely misses you. x2
The dire elephant tramples you!!!
You die...

# ###..P#### #P.. #### ##.### ..
##.####### #P...# .. #..#...#.#
#...##### #
........###########...###.#######
..#..P....#.#.P..#.#....P...♣.#..
................{..........♣.....
##♣♣.......♣########'''########♣.
##♣....###.§Y@Y§...(.......###
#♣♣♣##...#####8.⌠.8#####...#
####.###≈.###8..###P.###.#
####....#≈≈≈≈.#######.....#..
#+#....####.≈≈≈≈#..$(##.....###
#.#.####.8#§≈§§≈'...?[#.....#..
#...#.{.Y.'§§§§≈Y...![#.....'..
#..8#....8##§§Y##...!###...##†[
###'##''######### #### ########


You could see 2 dire elephants.

Vanquished Creatures
  Gastronok (D:8)
  8 hydras
  An anaconda (Lair:6)
  10 death yaks
  Nergalle (Lair:4)
  An unseen horror (D:9)
  Pikel (D:8)
  3 hill giants (D:10)
  Joseph (D:8)
  11 black mambas
  15 elephants
  A siren (Lair:3)
  Maurice (D:8)
  A torpor snail (Lair:6)
  13 spiny frogs
  A rime drake (Lair:4)
  8 komodo dragons
  2 trolls
  A polar bear (Lair:3)
  5 blink frogs (Lair:2)
  5 hippogriffs
  Sigmund (D:2)
  A basilisk (Lair:1)
  29 yaks
  2 wyverns
  Menkaure (D:4)
  19 water moccasins
  12 porcupines
  An ice beast (D:6)
  4 slaves (D:8)
  Duvessa (D:4)
  3 orc warriors
  A phantom (D:9)
  3 sky beasts
  3 black bears
  5 wolves (Lair:4)
  8 ogres
  4 centaurs
  14 crocodiles
  2 big kobolds (D:7)
  Blork the orc (D:8)
  7 bullfrogs
  Dowan (D:4)
  A water moccasin zombie (D:6)
  A scorpion (D:7)
  11 killer bees
  5 wights (D:9)
  2 howler monkeys
  2 crimson imps
  2 centaur zombies (D:9)
  2 quasits
  2 centaur skeletons
  6 hounds
  5 orc priests
  3 bullfrog skeletons
  6 jellies
  Natasha (thrice) (D:2)
  7 iguanas
  5 orc wizards
  5 worker ants
  A killer bee zombie (D:9)
  2 hound skeletons
  2 worker ant zombies
  3 gnolls (D:3)
  22 adders
  59 river rats
  2 shadow imps
  2 oozes (Lair:5)
  An adder skeleton (D:6)
  5 worms
  4 dart slugs
  4 leopard geckos
  33 orcs
  10 giant cockroaches
  11 goblins
  9 hobgoblins
  5 jackals
  2 quokkas
  9 bats
  6 frilled lizards
  15 kobolds
  A leopard gecko zombie (D:5)
  A quokka zombie (D:7)
  15 rats
  2 plants
508 creatures vanquished.

Vanquished Creatures (others)
  38 fungi
  29 plants
67 creatures vanquished.

Grand Total: 575 creatures vanquished

Notes
Turn   | Place    | Note
-------+----------+-------------------------------------------
     0 | D:1      | Amnesiac the Formicid Earth Elementalist began the quest for the Orb.
     0 | D:1      | Reached XP level 1. HP: 13/13 MP: 3/3
   204 | D:1      | Reached XP level 2. HP: 14/19 MP: 1/5
   211 | D:1      | Learned a level 2 spell: Passwall
   578 | D:3      | Reached XP level 3. HP: 24/24 MP: 4/8
  1050 | D:4      | Found Giuck's General Store.
  1066 | D:4      | Reached XP level 4. HP: 30/30 MP: 10/10
  1106 | D:4      | Learned a level 4 spell: Petrify
  1111 | D:5      | Entered Level 5 of the Dungeon
  1117 | D:5      | Got an encrusted dagger
  1308 | D:4      | Noticed Menkaure
  1309 | D:4      | Identified the +2 dagger of Beyond {pierce, +Blink} (You found it on level 5 of the Dungeon)
  1320 | D:4      | Killed Menkaure
  1320 | D:4      | Reached XP level 5. HP: 19/35 MP: 6/11
  1320 | D:4      | Reached XP level 6. HP: 22/41 MP: 6/12
  1468 | D:4      | Found Koukhladu's Assorted Antiques.
  1509 | D:4      | Found Ufomein's Book Shop.
  1522 | D:4      | Noticed Duvessa
  1522 | D:4      | Noticed Dowan
  1534 | D:4      | Killed Duvessa
  1537 | D:4      | Killed Dowan
  1537 | D:4      | Reached XP level 7. HP: 17/46 MP: 5/13
  1746 | D:4      | Found Qaasihod's Book Boutique.
  1810 | D:4      | Learned a level 5 spell: Lee's Rapid Deconstruction
  1939 | D:4      | Found Magh's Armour Shoppe.
  1961 | D:4      | Bought a +0 cloak of poison resistance for 85 gold pieces
  2323 | D:5      | Found Nasinoi's Assorted Antiques.
  2329 | D:5      | Got a steaming robe
  2344 | D:5      | Identified the +2 robe "Dathohug" {+Blink rPois Int-5 Dex+8} (You found it on level 5 of the Dungeon)
  2539 | D:5      | Reached XP level 8. HP: 42/52 MP: 10/14
  2551 | D:5      | Found a shadowy altar of Dithmenos.
  2556 | D:5      | Became a worshipper of Dithmenos the Shadowed
  2565 | D:5      | Found Cobbuno's General Store.
  2647 | D:5      | Found Nuolo's Gadget Emporium.
  2647 | D:5      | Found Jaqy's Magic Scroll Emporium.
  2666 | D:5      | Found Caofriti's Magic Scroll Shoppe.
  3180 | D:2      | Noticed Sigmund
  3184 | D:2      | Killed Sigmund
  3420 | D:2      | Noticed Natasha
  3424 | D:2      | Killed Natasha
  3477 | D:2      | Noticed Natasha
  3490 | D:2      | Killed Natasha
  3490 | D:2      | Reached * piety under Dithmenos
  3899 | D:2      | Noticed Natasha
  3904 | D:2      | Killed Natasha
  4261 | D:1      | Reached ** piety under Dithmenos
  4689 | D:3      | HP: 1/52 [iguana (12)]
  5072 | D:3      | Reached skill level 3 in Stealth
  5271 | D:4      | Bought a murky green potion for 25 gold pieces
  5271 | D:4      | Bought a metallic grey potion for 25 gold pieces
  5271 | D:4      | Bought 2 amethyst potions for 50 gold pieces
  5271 | D:4      | Bought a shiny gold wand for 112 gold pieces
  5272 | D:4      | Gained mutation: You have large cloven feet. [potion of beneficial mutation]
  5431 | D:6      | Reached skill level 4 in Stealth
  5471 | D:6      | Reached XP level 9. HP: 47/57 MP: 8/15
  5760 | D:6      | Reached skill level 5 in Stealth
  5817 | D:6      | Reached skill level 6 in Stealth
  6251 | D:7      | Reached skill level 5 in Short Blades
  6369 | D:6      | Found a staircase to the Ecumenical Temple.
  6567 | D:6      | Reached *** piety under Dithmenos
  6635 | D:6      | Found a stormy altar of Qazlal.
  7050 | D:7      | Reached skill level 7 in Stealth
  7097 | D:7      | Reached skill level 8 in Stealth
  7430 | D:7      | Noticed a hippogriff
  7485 | D:7      | Killed a hippogriff
  7485 | D:7      | Reached skill level 5 in Spellcasting
  7485 | D:7      | Reached skill level 5 in Transmutations
  7485 | D:7      | Reached XP level 10. HP: 63/63 MP: 12/17
  7782 | D:7      | Reached **** piety under Dithmenos
  8014 | D:7      | Reached skill level 9 in Stealth
  8084 | D:7      | Found Edghirofe's Gadget Boutique.
  8304 | D:5      | Bought a puce potion for 23 gold pieces
  8304 | D:5      | Bought a scroll labeled OCOCAVV XIFAKK for 26 gold pieces
  8304 | D:5      | Bought a bubbling cyan potion for 23 gold pieces
  8374 | D:7      | Identified a scroll of acquirement
  8379 | D:8      | Noticed Pikel
  8459 | D:8      | Killed Pikel
  8516 | D:8      | Noticed Maurice
  8519 | D:8      | Noticed Joseph
  8524 | D:8      | Killed Maurice
  8552 | D:9      | Found a hide-covered altar of Uskayaw.
  8781 | D:9      | Noticed an unseen horror
  8789 | D:9      | Killed an unseen horror
  9005 | D:8      | Reached skill level 10 in Earth Magic
  9129 | D:8      | Killed Joseph
  9129 | D:8      | Reached skill level 10 in Stealth
  9129 | D:8      | Reached XP level 11. HP: 33/68 MP: 4/20
  9311 | D:8      | Found a staircase to the Lair.
  9347 | D:8      | Reached skill level 1 in Fighting
  9409 | D:8      | Noticed Gastronok
  9635 | D:8      | Killed Gastronok
  9664 | D:8      | Noticed Blork the orc
  9684 | D:8      | Killed Blork the orc
 10082 | D:9      | Reached ***** piety under Dithmenos
 10230 | D:9      | Found a burning altar of Makhleb.
 10230 | D:9      | Noticed a green death
 10492 | D:9      | Got a flickering bronze ring
 10493 | D:9      | Identified the ring "Odoipneha" {rN++ MR++ Slay-4 Stlth+} (You found it on level 9 of the Dungeon)
 10894 | D:9      | Found an opulent altar of Gozag.
 10894 | D:9      | Found a shimmering altar of Xom.
 10945 | D:10     | Entered Level 10 of the Dungeon
 11210 | D:10     | Found a staircase to the Orcish Mines.
 11238 | D:10     | Noticed a hill giant
 11256 | D:10     | Killed a hill giant
 11339 | D:10     | Reached skill level 5 in Dodging
 11366 | D:10     | Noticed a hill giant
 11381 | D:10     | Killed a hill giant
 11648 | D:10     | Found a glowing golden altar of the Shining One.
 11648 | D:10     | Found a runed door.
 11648 | D:10     | Noticed an angel
 11692 | D:10     | Noticed a hill giant
 11700 | D:10     | Killed a hill giant
 11759 | Lair:1   | Entered Level 1 of the Lair of Beasts
 11763 | Lair:1   | Reached XP level 12. HP: 91/91 MP: 21/21
 11843 | Lair:1   | Noticed a seven-headed hydra
 11855 | Lair:1   | Killed a seven-headed hydra
 12318 | Lair:1   | Noticed a four-headed hydra
 12347 | Lair:1   | Killed a four-headed hydra
 12594 | Lair:1   | Noticed an eight-headed hydra
 12601 | Lair:1   | Killed an eight-headed hydra
 12787 | Lair:1   | Reached ****** piety under Dithmenos
 13260 | Lair:2   | Reached skill level 10 in Dodging
 13270 | Lair:2   | Noticed an eight-headed hydra
 13317 | Lair:2   | Killed an eight-headed hydra
 13443 | Lair:2   | Found a staircase to the Snake Pit.
 13457 | Lair:2   | Reached XP level 13. HP: 91/96 MP: 16/22
 13704 | Lair:2   | Noticed a five-headed hydra
 13714 | Lair:2   | Killed a five-headed hydra
 14706 | Lair:3   | Reached skill level 11 in Stealth
 14839 | Lair:3   | Found a staircase to the Shoals.
 15028 | Lair:3   | Noticed an eight-headed hydra
 15036 | Lair:3   | Killed an eight-headed hydra
 15036 | Lair:3   | Reached skill level 12 in Stealth
 15150 | Lair:4   | Noticed Nergalle
 15162 | Lair:4   | Killed Nergalle
 15338 | Lair:3   | Gained mutation: You are agile. (Dex +2) [potion of mutation]
 15338 | Lair:3   | Gained mutation: Your magical capacity is low. (-10% MP) [potion of mutation]
 15338 | Lair:3   | Gained mutation: You are surrounded by a mild repulsion field. (EV +2) [potion of mutation]
 15339 | Lair:3   | Gained mutation: You are frail. (-10% HP) [potion of mutation]
 15339 | Lair:3   | Gained mutation: You are covered in fur. (AC +1) [potion of mutation]
 15340 | Lair:3   | Lost mutation: You have large cloven feet. [potion of mutation]
 15340 | Lair:3   | Lost mutation: You are agile. (Dex +2) [potion of mutation]
 15340 | Lair:3   | Gained mutation: You are somewhat resistant to further mutation. [potion of mutation]
 15549 | Lair:4   | Reached skill level 13 in Stealth
 16135 | Lair:4   | Reached XP level 14. HP: 59/92 MP: 3/20
 16387 | Lair:5   | Reached skill level 14 in Stealth
 17467 | Lair:5   | Reached skill level 15 in Stealth
 17862 | Lair:5   | Found a staircase to the Slime Pits.
 18197 | Lair:6   | Entered Level 6 of the Lair of Beasts
 19444 | Lair:6   | Noticed a dire elephant
 19444 | Lair:6   | Noticed a dire elephant
 19451 | Lair:6   | Noticed a dire elephant
 19469 | Lair:6   | Noticed a dire elephant
 19480 | Lair:6   | Mangled by a dire elephant

Vault maps used:
D:1:      dpeg_arrival_windows_large_door
D:2:      minmay_diamond_boxcup, first_bread, uniq_natasha, uniq_sigmund
D:4:      serial_shops, nicolae_shop_window_shopping, shop,
          nicolae_shop_statue_plus, nicolae_shop_stone, shop, uniq_duvessa,
          uniq_menkaure
D:5:      nicolae_dithmenos_through_a_glass_darkly, serial_shops,
          nicolae_shop_competitors_out_of_business, shop, shop, shop,
          shop_fountains, minmay_holes
D:6:      kennysheep_mini_moat, minivault_23, uniq_blork_the_orc
D:7:      serial_shops, shop_statue
D:8:      due_lair_maze_entry_diamond, uniq_pikel, uniq_joseph, uniq_gastronok,
          uniq_maurice
D:9:      amethyst_overflow_temple_binary, eat_drink_and_be_merry_uskayaw,
          grunt_ogre_cave, makhleb_altar_promises_db
D:10:     orc_0_dummy, lemuel_angel_altar
Lair:1:   hangedman_lair_generics_rect, lemuel_fruit_fields,
          serial_bayou_shore_b
Lair:2:   minmay_snake_entry_six_corridors
Lair:3:   minmay_shoals_entry_lonely_mermaid, bh_autumn_forest_stairs
Lair:4:   beast_lair_carwin_3, grunt_megastairs_4, uniq_nergalle
Lair:5:   nicolae_slime_entry_slimehenge
Lair:6:   due_jungle_book, serial_bayou_shore_b

Skill      XL: |  1  2  3  4  5  6  7  8  9 10 11 12 13 14 |
---------------+-------------------------------------------+-----
Spellcasting   | 3 4 5 6 7 |  7.3
Earth Magic    | 6 7 9 10 12 | 12.7
Transmutations | 3 4 5 6 |  6.0
Short Blades   | 4 6 7 8 |  8.0
Stealth        | 4 8 10 13 15 | 15.7
Fighting       | 7 |  7.0
Dodging        | 6 11 12 | 12.8

Action                   |  1- 3 |  4- 6 |  7- 9 | 10-12 | 13-15 || total
-------------------------+-------+-------+-------+-------+-------++-------
Melee: Unarmed           |     2 |       |       |       |       ||     2
       Long sword        |     8 |    42 |   111 |       |       ||   161
       Dagger            |       |       |   206 |    57 |       ||   263
       Kick              |       |       |    44 |   130 |    63 ||   237
       Quick blade       |       |       |       |   472 |   693 ||  1165
 Cast: Sandblast         |    35 |    14 |    64 |       |       ||   113
       Lee's Rapid Decon |       |       |     1 |     2 |     4 ||     7
       Petrify           |       |       |    22 |    51 |    75 ||   148
       Passwall          |       |       |     8 |    11 |     8 ||    27
 Abil: Dig               |       |       |       |     1 |       ||     1
  Use: Scroll            |       |       |    15 |    11 |     8 ||    34
       Potion            |       |       |     3 |     2 |     8 ||    13
 Stab: Sleeping          |       |       |    25 |    32 |    27 ||    84
       Petrified         |       |       |    16 |    31 |    22 ||    69
       Petrifying        |       |       |     7 |     8 |    21 ||    36
       Distracted        |       |       |     1 |     2 |     3 ||     6
  Eat: Chunk             |       |     2 |    25 |    28 |    25 ||    80
       Fruit             |       |       |       |       |     2 ||     2
       Meat ration       |       |       |       |       |     1 ||     1
       Beef jerky        |       |       |       |       |     1 ||     1
Armor: Robe              |     9 |    16 |    52 |    48 |    38 ||   163
       Skin              |       |       |    21 |       |       ||    21
Dodge: Dodged            |    15 |    28 |   196 |   206 |   319 ||   764
